 Dungeon Crawl Stone Soup version 0.22.0-75-g3901e7991e (webtiles) character file.

1523 Anthracite the Twirler (level 8, -4/62 HPs)
             Began as a Demonspawn Abyssal Knight on Sept 11, 2018.
             Was a Priest of Lugonu.
             Slain by an orc warrior
             ... wielding a +0 long sword
              (21 damage)
             ... on level 6 of the Dungeon.
             The game lasted 00:36:15 (4964 turns).

Anthracite the Twirler (Demonspawn Abyssal Knight)  Turns: 4964, Time: 00:36:16

Health: -4/62      AC:  9    Str: 15    XL:     8   Next: 54%
Magic:  10/10      EV: 10    Int: 13    God:    Lugonu [***...]
Gold:   216        SH:  0    Dex: 15    Spells: 7/7 levels left

rFire    + . .     SeeInvis .   n - +0 scythe
rCold    . . .     Gourm    .   (shield currently unavailable)
rNeg     . . .     Faith    .   m - +1 scale mail
rPois    .         Spirit   .   (helmet restricted)
rElec    .         Reflect  .   r - +0 cloak
rCorr    .         Harm     .   (no gloves)
MR       .....                  (no boots)
Stlth    ..........             p - amulet of rage
HPRegen  0.20/turn              o - ring of protection from cold
MPRegen  0.12/turn              j - ring of fire

@: no status effects
A: horns 2, icy blue scales 2, agile 1, deformed body, rot immunity, subdued
magic 1
a: Depart the Abyss, Bend Space, Banish, Renounce Religion, Evoke Berserk Rage


You were on level 6 of the Dungeon.
You worshipped Lugonu.
Lugonu was most pleased with you.
You were hungry.

You visited 1 branch of the dungeon, and saw 6 of its levels.
You visited the Abyss 1 time.

You collected 216 gold pieces.

Inventory:

Hand Weapons
 a - a +0 broad axe
 n - a +0 scythe (weapon)
 q - a +4 quarterstaff of chaos
Armour
 m - a +1 scale mail (worn)
 r - a +0 cloak (worn)
Jewellery
 j - a ring of fire (right hand)
 k - an uncursed ring of poison resistance {unknown}
 o - a ring of protection from cold (left hand)
 p - an amulet of rage (around neck)
 t - an uncursed ring of stealth
Wands
 w - a wand of flame (38)
Scrolls
 d - 3 scrolls of teleportation
 e - a scroll of fog
 f - 2 scrolls of magic mapping {unknown}
 g - a scroll of enchant armour
 i - a scroll of fear (quivered)
 l - a scroll of amnesia {unknown}
 v - a scroll of remove curse
Potions
 b - a potion of heal wounds {unknown}
 c - 2 potions of flight
 h - 2 potions of berserk rage {unknown}
 s - a potion of invisibility {unknown}
 x - 2 potions of magic {unknown}
 z - a potion of agility
Comestibles
 u - 7 rations
 A - 6 chunks of flesh


   Skills:
 + Level 5.3 Fighting
   Level 3.3(5.3) Maces & Flails
 + Level 6.4(6.8) Staves
 + Level 4.0 Armour
 + Level 2.5 Dodging
 + Level 1.3 Stealth
 + Level 0.3 Unarmed Combat
 + Level 3.7 Invocations
 + Level 0.4 Evocations


You had 7 spell levels left.
You didn't know any spells.
Your spell library contained the following spells:

 Spells                   Type           Power        Failure   Level  Hunger
 Confusing Touch          Hex            #.....       71%         1    ##.....
 Magic Dart               Conj           #...         71%         1    ##.....
 Blink                    Tloc           N/A          83%         2    ###....
 Call Imp                 Summ           #.......     83%         2    ###....
 Slow                     Hex            #.......     83%         2    ###....
 Confuse                  Hex            #.......     97%         3    ####...
 Conjure Flame            Conj/Fire      #.......     97%         3    ####...
 Gell's Gravitas          Tloc           #.........   97%         3    ####...
 Mephitic Cloud           Conj/Pois/Air  #.......     97%         3    ####...
 Petrify                  Tmut/Erth      #.......     100%        4    #####..
 Metabolic Englaciation   Hex/Ice        #.........   100%        5    ######.
 Yara's Violent Unravell  Hex/Tmut       #.........   100%        5    ######.


Dungeon Overview and Level Annotations

Branches:
Dungeon (6/15)
 Temple: D:4-7

Altars:
Elyvilon
Ru

Portals:
Sewer: D:5


Innate Abilities, Weirdness & Mutations

You have a pair of horns on your head.
You are mostly covered in icy blue scales. (AC +3)
You are immune to rotting.
You are agile. (Dex +2)
Armour fits poorly on your strangely shaped body.
Your spells are a little easier to cast, but a little less powerful.


Message History

You barely miss the orc warrior.
The orc warrior is heavily wounded.
The orc warrior hits you but does no damage.
You slash the orc warrior!
The orc warrior is severely wounded.
The orc warrior hits you but does no damage. x2
You hit the orc warrior but do no damage.
The orc warrior is severely wounded.
The orc warrior hits you with a long sword!
You barely miss the orc warrior.
The orc warrior is severely wounded.
The orc warrior hits you with a long sword! x2
* * * LOW HITPOINT WARNING * * *
You are too injured to fight recklessly!
You are too injured to fight recklessly!
You are too injured to fight recklessly!
You are too injured to fight recklessly!
You fail to use your ability.
The orc warrior hits you with a long sword!!
You die...

#.## ###
###... #..
..... #.#
###... #.# .
#..... #.#
##.#.>...
#.#
#........
#†########.
........
#$.@o......
...###..
#.#########
#.# #..
#.....# #.#
##. #.###.#
#.#####. #.#
#.#
#####.......
#.# #.#
#...........
#.# #.#
#.######..#.
#.# #.# #.#
#..#. #.#
#.# #.####
#####


You could see an orc warrior.

Vanquished Creatures
  Sigmund (D:6)
  The ghost of RealIsaac the Chopper, an amateur DrBe of Trog (D:3)
  An ice beast (D:5)
  2 phantoms
  An ogre (D:5)
  Blork the orc (D:4)
  3 howler monkeys
  A centaur zombie (D:5)
  A crimson imp (D:5)
  4 orc priests
  2 hounds (D:5)
  Crazy Yiuf (D:2)
  5 orc wizards
  A bullfrog skeleton (D:5)
  2 worker ants
  A hound skeleton (D:4)
  5 adders
  A shadow imp (D:6)
  2 adder skeletons
  5 worms
  2 dart slugs
  5 leopard geckos
  20 orcs
  3 ball pythons
  5 giant cockroaches
  7 goblins
  7 hobgoblins
  4 jackals (D:5)
  7 kobolds
  4 bats
  9 frilled lizards
  2 leopard gecko skeletons (D:4)
  A quokka skeleton (D:5)
  3 rats (D:1)
120 creatures vanquished.

Vanquished Creatures (others)
  An orc wizard (D:4)
1 creature vanquished.

Grand Total: 121 creatures vanquished

Notes
Turn   | Place    | Note
-------+----------+-------------------------------------------
     0 | Abyss:1  | Anthracite the Demonspawn Abyssal Knight began the quest
                  | for the Orb.
     0 | Abyss:1  | Reached XP level 1. HP: 18/18 MP: 2/2
    26 | D:1      | Escaped the Abyss
   157 | D:1      | Gained mutation: You have a pair of small horns on your
                  | head. [demonic ancestry]
   157 | D:1      | Reached XP level 2. HP: 16/24 MP: 3/3
   228 | D:1      | Reached ** piety under Lugonu
   559 | D:2      | Reached XP level 3. HP: 29/29 MP: 4/4
  1114 | D:2      | Reached skill level 1 in Dodging
  1345 | D:2      | Reached XP level 4. HP: 32/35 MP: 3/5
  1490 | D:2      | Found a runed door.
  1670 | D:2      | Noticed Crazy Yiuf
  1679 | D:2      | Killed Crazy Yiuf
  2405 | D:3      | Found a white marble altar of Elyvilon.
  2614 | D:3      | Gained mutation: You have a pair of horns on your head.
                  | [demonic ancestry]
  2614 | D:3      | Reached XP level 5. HP: 26/42 MP: 7/7
  2865 | D:3      | Reached skill level 1 in Staves
  2895 | D:3      | Found a runed door.
  2895 | D:3      | Noticed RealIsaac's ghost (amateur DrBe)
  2928 | D:3      | Gained mutation: Your spells are a little easier to cast,
                  | but a little less powerful. [potion of mutation]
  2928 | D:3      | Gained mutation: You are agile. (Dex +2) [potion of
                  | mutation]
  2928 | D:3      | Gained mutation: Armour fits poorly on your strangely
                  | shaped body. [potion of mutation]
  2928 | D:3      | Gained mutation: You are partially covered in icy blue
                  | scales. (AC +2) [potion of mutation]
  2941 | D:3      | Killed RealIsaac's ghost
  2941 | D:3      | Reached skill level 2 in Staves
  2941 | D:3      | Gained mutation: You are immune to rotting. [demonic
                  | ancestry]
  2941 | D:3      | Reached XP level 6. HP: 42/48 MP: 8/8
  2999 | D:4      | Noticed Blork the orc
  3228 | D:4      | Reached skill level 3 in Staves
  3239 | D:4      | Killed Blork the orc
  3248 | D:4      | Mutation became permanent: You are partially covered in icy
                  | blue scales. (AC +2) [demonic ancestry]
  3248 | D:4      | Gained mutation: You are partially covered in icy blue
                  | scales. (AC +2) [demonic ancestry]
  3248 | D:4      | Reached XP level 7. HP: 20/54 MP: 9/9
  3605 | D:4      | Reached skill level 4 in Staves
  3660 | D:4      | Reached skill level 1 in Stealth
  4086 | D:5      | Entered Level 5 of the Dungeon
  4087 | D:5      | Found a glowing drain.
  4091 | D:5      | Reached *** piety under Lugonu
  4234 | D:5      | Reached skill level 5 in Staves
  4246 | D:5      | Gained mutation: You are mostly covered in icy blue scales.
                  | (AC +3) [demonic ancestry]
  4246 | D:5      | Reached XP level 8. HP: 45/61 MP: 10/10
  4446 | D:5      | Found a sacrificial altar of Ru.
  4662 | D:6      | Reached skill level 5 in Fighting
  4850 | D:6      | Noticed Sigmund
  4866 | D:6      | Killed Sigmund
  4866 | D:6      | Reached skill level 6 in Staves
  4964 | D:6      | Slain by an orc warrior

Skill      XL: |  1  2  3  4  5  6  7  8 |
---------------+-------------------------+-----
Maces & Flails | 2 3 |  3.3
Armour         | 2 3 4 |  4.0
Dodging        | 1 2 |  2.5
Staves         | 2 3 5 6 |  6.4
Invocations    | 3 |  3.7
Fighting       | 4 5 |  5.3
Stealth        | 1 |  1.3
Unarmed Combat | |  0.3
Evocations     | |  0.4

Action                   |  1- 3 |  4- 6 |  7- 9 || total
-------------------------+-------+-------+-------++-------
Melee: Mace              |   109 |    10 |       ||   119
       Headbutt          |    10 |     9 |    21 ||    40
       Quarterstaff      |       |    73 |   148 ||   221
       Unarmed           |       |    18 |       ||    18
       Scythe            |       |       |    15 ||    15
Invok: Bend Space        |     2 |     2 |       ||     4
 Abil: Evoke Berserk Rag |       |       |     2 ||     2
  Use: Scroll            |     5 |     1 |     6 ||    12
       Potion            |       |     5 |       ||     5
 Stab: Petrified         |       |     1 |       ||     1
       Paralysed         |       |       |     1 ||     1
  Eat: Ration            |     1 |     2 |     1 ||     4
       Chunk             |       |       |     1 ||     1
Armor: Leather armour    |    18 |       |       ||    18
       Scale mail        |    35 |    18 |    68 ||   121
       Skin              |       |    17 |       ||    17
Dodge: Dodged            |    84 |    61 |    78 ||   223
